 Dungeon Crawl Stone Soup version 0.31-a0-1036-g31867e1 (webtiles) character file.

Game seed: 15055183101157127966

157069 PurpleRed the Devastator (level 17, -16/99 HPs)
             Began as a Deep Elf Fighter on Nov 18, 2023.
             Was the Champion of Vehumet.
             Shot with an arrow by Vashnia (31 damage)
             ... on level 4 of the Snake Pit.
             The game lasted 02:25:51 (27557 turns).

PurpleRed the Devastator (Deep Elf Fighter)        Turns: 27557, Time: 02:25:51

Health: -16/99     AC: 20    Str: 13    XL:     17   Next: 11%
Magic:  3/52       EV: 14    Int: 28    God:    Vehumet [******]
Gold:   2429       SH:  0    Dex: 14    Spells: 19/56 levels left

rFire   + + .        a - staff of air
rCold   . . .        (no shield)
rNeg    . . .        f - +4 ring mail "Imuiss" {rElec rF++}
rPois   +            q - +1 helmet
rElec   +            R - +2 cloak {rPois}
rCorr   .            L - +1 pair of gloves
SInv    .            i - +2 pair of boots
Will    +....        y - amulet of regeneration
Stlth   +            X - ring of magical power
HPRegen 1.16/turn    r - +6 ring of intelligence
MPRegen 0.33/turn

%: no passive effects
@: lethally poisoned (-16 -> -17), hasted, very quick
A: no striking features
a: Renounce Religion


You were on level 4 of the Snake Pit.
You worshipped Vehumet.
Vehumet was exalted by your worship.
You visited 5 branches of the dungeon, and saw 27 of its levels.
You also visited: Bailey, Ice Cave and Volcano.

You collected 2870 gold pieces.
You spent 441 gold pieces at shops.

Inventory:

Hand Weapons
 b - a +4 hand axe of electrocution
 x - a +4 hand cannon of flaming
Missiles
 V - 4 curare-tipped darts
Armour
 f - the +4 ring mail "Imuiss" (worn) {rElec rF++}
   (You found it on level 5 of the Dungeon)

   rF++:      It greatly protects you from fire.
   rElec:     It insulates you from electricity.
 i - a +2 pair of boots (worn)
 l - +0 ice dragon scales
 o - +0 fire dragon scales
 q - a +1 helmet (worn)
 D - a +1 robe of cold resistance
 I - +0 swamp dragon scales
 L - a +1 pair of gloves (worn)
 N - a +0 troll leather armour
 R - a +2 cloak of poison resistance (worn)
 U - a +0 cloak of stealth
Magical Staves
 a - a staff of air (weapon)
 n - a staff of cold
 z - the staff of Watchfulness {rF+ Int-5 Dex+4 Fire}
   (You found it on level 3 of the Lair of Beasts)

   [staff of fire]

   Base accuracy: +5 Base damage: 5 Base attack delay: 1.2 This weapon's minimum
   attack delay (0.6) is reached at skill level 12.
   Int-5:     It affects your intelligence (-5).
   Dex+4:     It affects your dexterity (+4).
   rF+:       It protects you from fire.
   Fire:      It increases the power of your Fire spells.
   It falls into the 'Staves' category.
   It is a one-handed weapon.
Jewellery
 h - a ring of positive energy
 r - a +6 ring of intelligence (right hand)
 s - a ring of protection from cold
 y - an amulet of regeneration (around neck)
 C - a ring of resist corrosion
 E - a ring of poison resistance
 S - a ring of protection from fire
 W - a +4 ring of slaying
 X - a ring of magical power (left hand)
Talismans
 G - a dragon-blood talisman
Wands
 j - a wand of acid (3)
 A - a wand of charming (17)
 O - a wand of digging (6)
Scrolls
 g - 5 scrolls of immolation
 m - 3 scrolls of fog
 u - 7 scrolls of teleportation
 F - a scroll of amnesia
 Q - 2 scrolls of fear
 Z - 3 scrolls of blinking
Potions
 c - 2 potions of cancellation
 d - 4 potions of mutation
 e - 5 potions of magic
 k - 6 potions of haste
 p - 2 potions of ambrosia
 t - 3 potions of lignification
 v - 7 potions of curing
 w - 2 potions of resistance
 B - 5 potions of brilliance
 H - a potion of might
 J - 3 potions of enlightenment
 K - 2 potions of heal wounds
 M - 2 potions of invisibility
 Y - a potion of berserk rage
Miscellaneous
 P - a condenser vane


   Skills:
 + Level 8.6 Fighting
 - Level 2.1 Axes
 - Level 4.0 Armour
 - Level 10.0 Dodging
 - Level 2.4 Shields
 - Level 20.0 Spellcasting
 - Level 20.2 Conjurations
 * Level 14.9 Fire Magic
 - Level 7.0 Air Magic


You had 19 spell levels left.
You knew the following spells:

 Your Spells              Type           Power      Damage    Failure   Level
a - Bombard               Conj/Erth      35%        9d6       1%          6
b - Static Discharge      Conj/Air       100%       3-8/arc   0%          2
c - Airstrike             Air            39%        2d(6-22)  1%          4
d - Iskenderun's Mystic   Conj/Tloc      71%        2d14      1%          4
e - Frozen Ramparts       Ice            56%        1d9       2%          3
f - Orb of Destruction    Conj           48%        9d13      1%          7
g - Freezing Cloud        Conj/Ice/Air   43%        6-21      1%          5
h - Plasma Beam           Fire/Air       46%        2x1d61    1%          6

Your spell library contained the following spells:

 Spells                   Type           Power      Damage    Failure   Level
 Conjure Ball Lightning   Conj/Air       51%        3x3d18    1%          6
 Magic Dart               Conj           100%       1d8       0%          1
 Shock                    Conj/Air       100%       1d9       0%          1
 Flame Wave               Conj/Fire      90%        2d19      0%          4
 Sticky Flame             Conj/Fire      90%        2d10      0%          4
 Freeze                   Ice            100%       1d10      1%          1
 Dazzling Flash           Conj/Hex       100%       N/A       1%          3
 Hailstorm                Conj/Ice       71%        3d15      1%          3
 Inner Flame              Hex/Fire       62%        N/A       1%          3
 Mephitic Cloud           Conj/Pois/Air  87%        N/A       1%          3
 Swiftness                Air            79%        N/A       1%          3
 Brom's Barrelling Bould  Conj/Erth      71%        2d8       1%          4
 Apportation              Tloc           56%        N/A       3%          1
 Necrotise                Necr           100%       1d9       3%          1
 Summon Small Mammal      Summ           100%       N/A       3%          1
 Blink                    Tloc           56%        N/A       4%          2
 Call Imp                 Summ           56%        N/A       4%          2
 Jinxbite                 Hex            56%        N/A       4%          2
 Gell's Gravitas          Tloc           28%        N/A       9%          3
 Ozocubu's Armour         Ice            28%        N/A       9%          3
 Summon Guardian Golem    Hex/Summ       28%        N/A       9%          3
 Teleport Other           Tloc           28%        N/A       9%          3
 Spellforged Servitor     Conj/Summ      35%        N/A       11%         7
 Silence                  Hex/Air        31%        N/A       19%         5
 Manifold Assault         Tloc           28%        N/A       28%         4
 Agony                    Necr           28%        N/A       63%         5
 Alistair's Intoxication  Tmut/Pois      18%        N/A       63%         5
 Borgnjor's Vile Clutch   Necr/Erth      14%        N/A       63%         5
 Eringya's Noxious Bog    Tmut/Pois      14%        4d6       71%         6
 Chain Lightning          Conj/Air       51%        3d68      93%         9
 Dispersal                Tloc           14%        N/A       99%         6
 Ozocubu's Refrigeration  Ice            14%        4d10      99%         7


Dungeon Overview and Level Annotations

Branches:
Dungeon (15/15)            Temple (1/1) D:6            Lair (5/5) D:8
  Swamp (0/4) Lair:3        Snake (4/4) Lair:3        Slime (0/5) Lair:4
    Orc (2/2) D:12            Elf (0/3) Orc:2        Vaults (0/5) D:14
 Depths (0/4) D:15         Bailey (visited)           IceCv (visited)
Volcano (visited)

Altars:
Ashenzari
Cheibriados
Dithmenos
Elyvilon
Fedhas
Gozag
Hepliaklqana
Kikubaaqudgha
Makhleb
Nemelex Xobeh
Okawaru
Qazlal
Ru
Sif Muna
Trog
Uskayaw
Vehumet
Wu Jian
Xom
Yredelemnul
Zin
The Shining One
Lugonu

Shops:
D:2 (   D:5 **   D:10 *   D:13 :   Orc:2 [*((

Annotations:
D:13 3 runed translucent doors, Haresteo's ghost, journeyman TrSh
Temple 2 transporters
Snake:4 Aizul; Vashnia


Message History

Confirm with . or Enter, or press ? or * to list all spells.
Aiming: Bombard (dangerous; 1% risk of failure)
Press: ? - help, Shift-Dir - straight line, f - Aizul
Aim: Aizul (heavily wounded, 48% to hit)
Okay, then.
Casting: Bombard (dangerous; 1% risk of failure)
Confirm with . or Enter, or press ? or * to list all spells.
Casting: Plasma Beam (dangerous; 1% risk of failure)
Press: ? - help, Dir - look around, f - activate You feel a surge of power!
The bolt of lightning hits Aizul.
Aizul is heavily wounded.
The fiery plasma hits Aizul!
Aizul is heavily wounded.
Casting: Plasma Beam (dangerous; 1% risk of failure)
Confirm with . or Enter, or press ? or * to list all spells.
Casting: Plasma Beam (dangerous; 1% risk of failure)
Press: ? - help, Dir - look around, f - activate You feel a surge of power!
The bolt of lightning hits Aizul!!
Aizul is severely wounded.
The fiery plasma misses Aizul.
Aizul coils herself and waves her upper body at you.
The poison arrow hits you!
You are poisoned.
You partially resist.
* * * LOW HITPOINT WARNING * * *
You feel sick.
Blink to where?
Press: ? - help, Dir - move target 2 nagas and a naga mage come into view.
A naga is wielding a +2 heavy mace.
As you read the scroll of blinking, it crumbles to dust.
You feel sick.
The naga shouts!
The naga mage shouts!
The naga shouts!
You hear a shout!
The naga sharpshooter shoots an arrow.
The arrow hits you!
* * * LOW HITPOINT WARNING * * *
A naga comes into view. It is wielding a +0 halberd.
A naga comes into view. It is wielding a +0 broad axe.
Vashnia casts a spell.
Vashnia magically shoots an arrow.
The arrow hits you!!
You die...
Vashnia says, "All clear.
Let's check for more."

#########
#############...#§§§#############
.......).....).)@§§§§§.§.S.......
#############...#§§§#############
####<..#..NN......
...........NN.......#
#######..N.##.N###### #
#....###.# ## #....# .N. ###.
#.)..# ##N#######S.N ##.#..
.).))N†..##


You could see Vashnia, a naga sharpshooter, a naga mage and 5 nagas.

Vanquished Creatures
  An orc warlord (Bailey)
  A stone giant (Volcano)
  Snorg (D:10)
  2 fire dragons
  A rakshasa (D:15)
  An ogre mage (D:14)
  5 hydras
  Fannar (D:11)
  Erolcha (D:13)
  A catoblepas (Lair:3)
  2 ghost crabs (Lair:3)
  2 ironbound frosthearts (IceCv)
  12 anacondas
  3 two-headed ogres
  4 centaur warriors
  10 naga warriors
  5 boulder beetles
  6 death yaks (IceCv)
  5 shock serpents
  An occultist (D:15)
  7 naga sharpshooters
  A skyshark (Lair:5)
  Amaemon (D:9)
  Nergalle (Lair:2)
  3 orc high priests (Orc:2)
  A fire crab (D:8)
  3 skeletal warriors (D:12)
  A spectral death yak (Lair:3)
  A fire crab (shapeshifter) (D:15)
  2 salamander mystics
  2 naga ritualists (Snake:2)
  An orb spider (shapeshifter) (D:14)
  2 spectral hydras (Lair:3)
  4 deep elf pyromancers
  A wolf spider zombie (D:15)
  A lindwurm (Lair:5)
  Pikel (D:6)
  A spectral boulder beetle (Lair:3)
  9 orc knights
  2 necromancers
  10 ugly things
  5 orc sorcerers (Orc:2)
  A deep elf zephyrmancer (D:14)
  10 mana vipers
  8 salamanders
  5 cyclopes
  15 elephants
  A centaur zombie (D:15)
  Maurice (D:8)
  34 black mambas
  A guardian serpent (Snake:1)
  10 naga magi
  2 molten gargoyles (Lair:5)
  18 cane toads
  An ice statue (IceCv)
  A centaur skeleton (D:15)
  An orange demon (D:9)
  An unseen horror (D:11)
  Psyche (D:9)
  Maggie (D:7)
  4 gargoyles
  A yaktaur (D:14)
  3 efreet
  4 rime drakes
  A freezing wraith (D:14)
  A kobold demonologist (D:10)
  10 komodo dragons
  4 tengu conjurers
  7 trolls
  Grinder (D:6)
  A meliai (D:14)
  9 polar bears
  A wolf spider simulacrum (D:14)
  A hornet (D:9)
  Prince Ribbit (Lair:2)
  A dream sheep (Lair:3)
  23 blink frogs
  A spectral elephant (Lair:3)
  A glass eye (shapeshifter) (D:14)
  3 shadows
  10 slime creatures
  A spectral black mamba (Lair:3)
  Sigmund (D:3)
  3 wraiths
  7 wyverns
  3 fire elementals (Volcano)
  7 basilisks
  50 yaks
  4 steam dragons
  13 vampire mosquitoes
  16 nagas
  2 wargs (Orc:1)
  22 water moccasins
  An acid dragon (D:8)
  A spectral polar bear (Lair:3)
  6 hell hounds (Lair:5)
  38 orc warriors
  3 black bears
  3 sky beasts
  3 ogres
  An ice beast (D:7)
  36 wolves
  7 centaurs
  A lemure (D:6)
  11 bullfrogs
  A kobold brigand (D:9)
  2 gnoll sergeants
  2 scorpions
  12 wights
  4 howler monkeys
  5 lava snakes (Lair:5)
  4 hounds
  2 jellies (D:6)
  A gnoll bouda (Orc:1)
  17 orc priests
  A sleepcap (D:4)
  3 iguanas
  Terence (D:2)
  23 orc wizards
  A killer bee zombie (D:8)
  A howler monkey zombie (D:8)
  Robin (D:4)
  9 adders
  24 gnolls
  A shadow imp (D:5)
  3 white imps
  2 ufetubi
  4 dart slugs
  71 orcs
  An orc (shapeshifter) (D:15)
  5 endoplasms
  4 giant cockroaches
  20 goblins
  17 hobgoblins
  10 jackals
  20 kobolds
  4 quokkas
  11 ball pythons
  7 bats
  2 frilled lizards
  8 rats
869 creatures vanquished.

Vanquished Creatures (collateral kills)
  A naga ritualist (Snake:4)
  A salamander (Snake:4)
  A yak (IceCv)
3 creatures vanquished.

Vanquished Creatures (others)
  A polar bear (IceCv)
  A yak (IceCv)
  An orc wizard (D:11)
3 creatures vanquished.

Grand Total: 875 creatures vanquished

Notes
Turn   | Place    | Note
-------+----------+-------------------------------------------
     0 | D:1      | PurpleRed the Deep Elf Fighter began the quest for the Orb.
     0 | D:1      | Reached XP level 1. HP: 13/13 MP: 3/3
   208 | D:1      | Reached XP level 2. HP: 18/18 MP: 4/4
   404 | D:1      | Reached skill level 1 in Air Magic
   424 | D:1      | Reached skill level 1 in Spellcasting
   424 | D:1      | Reached XP level 3. HP: 18/22 MP: 6/6
   874 | D:2      | Reached skill level 1 in Conjurations
   965 | D:2      | Reached XP level 4. HP: 27/27 MP: 8/8
  1085 | D:2      | Found Vuh Vau's Weapon Boutique.
  1142 | D:2      | Noticed Terence
  1178 | D:1      | Learned a level 1 spell: Shock
  1183 | D:1      | Learned a level 4 spell: Airstrike
  1509 | D:2      | Reached XP level 5. HP: 31/31 MP: 10/10
  1782 | D:2      | Killed Terence
  2218 | D:3      | Noticed Sigmund
  2534 | D:3      | Killed Sigmund
  2535 | D:3      | Reached XP level 6. HP: 16/36 MP: 11/14
  2612 | D:4      | Noticed a sky beast
  2616 | D:4      | Killed a sky beast
  2617 | D:4      | Reached skill level 5 in Air Magic
  2911 | D:4      | Reached XP level 7. HP: 40/40 MP: 3/16
  3100 | D:4      | Reached skill level 5 in Spellcasting
  3451 | D:4      | Noticed Robin
  3474 | D:4      | Killed Robin
  3775 | D:5      | Entered Level 5 of the Dungeon
  3775 | D:5      | Found Nogeo's General Store.
  3779 | D:5      | Bought a scroll of enchant armour for 105 gold pieces
  3779 | D:5      | Bought a potion of brilliance for 56 gold pieces
  3784 | D:5      | Identified the +4 ring mail "Imuiss" {rElec rF++}
  4099 | D:5      | Found Cute's Mass Market.
  4395 | D:5      | Reached XP level 8. HP: 45/45 MP: 14/20
  4484 | D:5      | Upgraded the game from 0.31-a0-1029-ge8c24b2 to
                  | 0.31-a0-1036-g31867e1
  4572 | D:5      | Found a shimmering blue altar of Sif Muna.
  4965 | D:6      | Found a staircase to the Ecumenical Temple.
  5123 | D:6      | Noticed Pikel
  5129 | D:6      | Killed Pikel
  5130 | D:6      | Reached skill level 10 in Spellcasting
  5133 | D:6      | Noticed Grinder
  5221 | D:6      | Paralysed by Grinder for 5 turns
  5228 | Temple   | Found a transporter.
  5228 | Temple   | Found a transporter.
  5228 | Temple   | Found a transporter.
  5228 | Temple   | Found a transporter.
  5228 | Temple   | Entered the Ecumenical Temple
  5241 | Temple   | Became a worshipper of Vehumet
  5366 | D:6      | Killed Grinder
  5583 | D:6      | Reached XP level 9. HP: 49/49 MP: 17/26
  6832 | D:7      | Reached skill level 1 in Dodging
  7223 | D:7      | Found an opulent altar of Gozag.
  7254 | D:7      | Noticed Maggie
  7270 | D:7      | Killed Maggie
  8053 | D:8      | Reached skill level 5 in Conjurations
  8243 | D:8      | Noticed Maurice
  8245 | D:8      | Reached XP level 10. HP: 56/56 MP: 15/28
  8249 | D:8      | Killed Maurice
  8249 | D:8      | Noticed a fire crab
  8383 | D:8      | Found a flagged portal.
  8465 | Bailey   | Entered a bailey
  8482 | Bailey   | Reached * piety under Vehumet
  8482 | Bailey   | Offered knowledge of Sandblast by Vehumet.
  8486 | Bailey   | Noticed an orc warlord
  8532 | Bailey   | Learned a level 3 spell: Frozen Ramparts
  8695 | Bailey   | Reached skill level 5 in Dodging
  8748 | Bailey   | Found a runed translucent gate.
  8748 | Bailey   | Found a runed translucent gate.
  8767 | Bailey   | Found a runed translucent gate.
  8867 | Bailey   | Killed an orc warlord
  8945 | Bailey   | Identified the +0 chain mail "Xafris" {rElec rF- Will-
                  | rCorr}
  8948 | Bailey   | Reached skill level 10 in Conjurations
  8948 | Bailey   | Reached XP level 11. HP: 61/61 MP: 29/29
  9254 | D:8      | Found a basalt altar of Yredelemnul.
  9323 | D:8      | Found a staircase to the Lair.
  9405 | D:8      | Identified 2 scrolls of acquirement
  9405 | D:8      | Identified the of Topnual (You acquired it on level 8 of
                  | the Dungeon)
  9405 | D:8      | Acquired the Codex of Momentum
  9407 | D:8      | Acquired a staff of air
  9508 | D:8      | Killed a fire crab
  9731 | D:9      | Reached ** piety under Vehumet
  9731 | D:9      | Offered knowledge of Static Discharge by Vehumet.
  9738 | D:9      | Learned a level 2 spell: Static Discharge
  9826 | D:9      | Noticed a white ugly thing
  9837 | D:9      | Killed a purple ugly thing
 10177 | D:9      | Noticed Psyche
 10179 | D:9      | Killed Psyche
 10425 | D:9      | Found a shadowy altar of Dithmenos.
 10425 | D:9      | Noticed Amaemon
 10430 | D:9      | Killed Amaemon
 10769 | D:10     | Entered Level 10 of the Dungeon
 10793 | D:10     | Offered knowledge of Ignite Poison by Vehumet.
 10935 | D:10     | Noticed Snorg
 10941 | D:10     | Killed Snorg
 10942 | D:10     | Reached skill level 5 in Fighting
 11086 | D:10     | Noticed a two-headed ogre
 11109 | D:10     | Killed a two-headed ogre
 11110 | D:10     | Reached XP level 12. HP: 68/68 MP: 4/30
 11300 | D:10     | Found a glowing silver altar of Zin.
 11373 | D:10     | Found Gyschiadd's General Store.
 11381 | D:10     | Bought 2 scrolls of teleportation for 78 gold pieces
 11619 | D:10     | Reached *** piety under Vehumet
 12373 | D:10     | Offered knowledge of Iskenderun's Mystic Blast by Vehumet.
 12381 | D:10     | Learned a level 4 spell: Iskenderun's Mystic Blast
 12503 | D:11     | Identified the of Sekun
 12654 | D:11     | Noticed Fannar
 12848 | D:11     | Killed Fannar
 13797 | D:12     | Reached **** piety under Vehumet
 14053 | D:12     | Found a staircase to the Orcish Mines.
 14124 | D:12     | Identified the +8 chain mail of Salvation {+Blink rPois}
 14498 | D:12     | Learned a level 7 spell: Orb of Destruction
 14802 | D:12     | Identified the "Lypnadd"
 14802 | D:12     | Found a corrupted altar of Lugonu.
 15008 | D:13     | Identified the "Nytippai"
 15231 | D:13     | Reached XP level 13. HP: 73/74 MP: 14/31
 15374 | D:13     | Found a runed translucent gate.
 15374 | D:13     | Found a runed translucent gate.
 15374 | D:13     | Noticed Haresteo's ghost (journeyman TrSh)
 15375 | D:13     | Found a runed translucent gate.
 15458 | D:13     | Found Punalodd's Vocational Training.
 15526 | D:13     | Noticed Erolcha
 15768 | Lair:1   | Entered Level 1 of the Lair of Beasts
 15805 | Lair:1   | Offered knowledge of Irradiate by Vehumet.
 16820 | Lair:2   | Noticed Prince Ribbit
 16825 | Lair:2   | Killed Prince Ribbit
 16833 | Lair:2   | Reached skill level 15 in Conjurations
 16836 | Lair:2   | Reached ***** piety under Vehumet
 16836 | Lair:2   | Offered knowledge of Freezing Cloud by Vehumet.
 16860 | Lair:2   | Learned a level 5 spell: Freezing Cloud
 16935 | Lair:2   | Noticed Nergalle
 16948 | Lair:2   | Killed Nergalle
 17072 | Lair:2   | Reached skill level 10 in Fire Magic
 17369 | Lair:2   | Found a frozen archway.
 17383 | IceCv    | Entered an ice cave
 18801 | IceCv    | Reached XP level 14. HP: 82/82 MP: 28/34
 19726 | Lair:3   | Reached skill level 15 in Spellcasting
 20536 | Lair:3   | Offered knowledge of Yara's Violent Unravelling by Vehumet.
 20645 | Lair:3   | Identified the staff of Watchfulness {rF+ Int-5 Dex+4 Fire}
 20660 | Lair:3   | Found a staircase to the Snake Pit.
 21055 | Lair:3   | Identified the +4 ring mail of the Futuristic God {rF++
                  | rC-}
 21688 | Lair:3   | Found a staircase to the Swamp.
 21983 | Lair:5   | Entered Level 5 of the Lair of Beasts
 22088 | Lair:5   | Found a dark tunnel.
 22169 | Volcano  | Entered a volcano
 22184 | Volcano  | Noticed a stone giant
 22192 | Volcano  | Killed a stone giant
 22510 | Lair:4   | Reached XP level 15. HP: 73/86 MP: 22/37
 22930 | Lair:5   | Found a large runed translucent door.
 22930 | Lair:5   | Found a large runed translucent door.
 23404 | Lair:4   | Found a staircase to the Slime Pits.
 23444 | Lair:4   | Reached ****** piety under Vehumet
 23444 | Lair:4   | Offered knowledge of Iskenderun's Battlesphere by Vehumet.
 23639 | D:13     | Killed Erolcha
 23687 | D:15     | Entered Level 15 of the Dungeon
 23904 | D:15     | Found a staircase to the Depths.
 24288 | D:14     | Identified the +4 glaive "Ojyop" {freeze, *Rage rF+ rN+
                  | Dex+7}
 24606 | D:14     | Found a gate to the Vaults.
 24662 | Orc:1    | Entered Level 1 of the Orcish Mines
 24772 | Orc:1    | Learned a level 6 spell: Bombard
 25127 | Orc:2    | Entered Level 2 of the Orcish Mines
 25127 | Orc:2    | Found a staircase to the Elven Halls.
 25130 | Orc:2    | Offered knowledge of Plasma Beam by Vehumet.
 25168 | Orc:2    | Found an iron altar of Okawaru.
 25245 | Orc:2    | Reached XP level 16. HP: 57/92 MP: 40/40
 25559 | Orc:2    | Found Nooheuh's Weapon Shop.
 25559 | Orc:2    | Found Eczemeh's Armour Shop.
 25566 | Orc:2    | Found Keppeh's General Store.
 25579 | Orc:2    | Found Xeymodd's Antique Weapon Shoppe.
 25597 | Orc:2    | Bought a scroll of teleportation for 45 gold pieces
 25597 | Orc:2    | Bought a scroll of fog for 60 gold pieces
 25597 | Orc:2    | Bought a scroll of identify for 30 gold pieces
 25620 | Orc:2    | Bought a +0 pair of gloves for 67 gold pieces
 25635 | Orc:2    | Learned a level 6 spell: Plasma Beam
 25890 | Snake:1  | Entered Level 1 of the Snake Pit
 25985 | Snake:1  | Reached skill level 10 in Dodging
 26329 | Snake:2  | Offered knowledge of Conjure Ball Lightning by Vehumet.
 26441 | Snake:3  | Identified the of Xaramuvuff
 26493 | Snake:4  | Entered Level 4 of the Snake Pit
 26685 | Snake:4  | Noticed Vashnia
 26687 | Snake:4  | Found a glowing silver altar of Zin.
 27444 | Snake:4  | Reached XP level 17. HP: 82/99 MP: 22/42
 27522 | Snake:4  | Identified the serpent talisman "Doomic" {Str+6}
 27522 | Snake:4  | Noticed Aizul
 27557 | Snake:4  | Shot with an arrow by Vashnia

Illustrated notes

Levels and vault maps discovered:
D:1:      dpeg_arrival_castle, layout_basic, st_stairs_10,
          hangedman_decor_opposing
D:2:      layout_loops_ring, serial_shops, shop_coins, columned_hall_lemuel,
          uniq_terence
D:3:      layout_basic, uniq_sigmund
D:4:      layout_gridville, uniq_robin
D:5:      layout_basic, general_overflow_altar, nicolae_stop_n_shop_2,
          minmay_shop_mass
D:6:      layout_basic, minmay_temple_entry_junction_2, uniq_pikel, uniq_grinder
D:7:      layout_loops_ring, kennysheep_mini_moat, kennysheep_generic_room_4,
          uniq_maggie
D:8:      layout_cave_pools, lemuel_zombie_altar_yredelemnul,
          minmay_lair_entry_lava, enter_bailey_8, uniq_maurice
D:9:      layout_roguey, grunt_dithmenos_smoke, uniq_psyche, uniq_amaemon
D:10:     layout_irregular_city, overflow_temple_1_default, serial_shops, shop,
          minmay_chambers_of_fives, uniq_snorg
D:11:     layout_irregular_city, uniq_fannar
D:12:     layout_stronghold, orc_0_dummy, chequers_serial_rivers_small_3,
          minmay_misc_feat_chi, tgw_lugonu_bribe
D:13:     layout_loops_ring, ebering_ghost_rock_garden, nicolae_shop_vocational,
          uniq_erolcha
D:14:     layout_roguey, david_vaults_1, lemuel_tele_altar, grunt_livestock,
          minmay_the_grid_square_5x5_3x3_mashed
          [minmay_the_grid_square_5x5_two_walls_b,
          minmay_the_grid_square_5x5_eight_small,
          minmay_the_grid_square_5x5_moneybag,
          minmay_the_grid_square_5x5_inner_v,
          minmay_the_grid_square_5x5_megaprize_checkered,
          minmay_the_grid_square_5x5_six_small, minmay_the_grid_square_5x5_v,
          minmay_the_grid_square_5x5_detours,
          minmay_the_grid_square_5x5_checkered_sparse]
D:15:     grunt_enter_depths_magical_seal, layout_rooms,
          roderic_lattice_octagonal_star
Temple:   hellmonk_temple_divided_pantheon
Lair:1:   layout_regular_city, lemuel_fruit_tree
Lair:2:   layout_regular_city, portal_ice_cave_entry_pillars_1,
          lemuel_fruit_fields, uniq_nergalle, uniq_prince_ribbit2
Lair:3:   nzn_winding_woodlands_stair_trap
          [nzn_winding_woodlands_5x15_lazy_stream,
          nzn_winding_woodlands_5x15_pool,
          nzn_winding_woodlands_5x15_sidewinder,
          nzn_winding_woodlands_15x15_eel_pit,
          nzn_winding_woodlands_5x15_longhouse,
          nzn_winding_woodlands_5x15_twine, nzn_winding_woodlands_5x15_garden],
          layout_chaotic_city, nicolae_swamp_entry_spooky,
          minmay_snake_entry_six_corridors
Lair:4:   layout_roguey, slime_entry_1, serial_bayou_shore_b
Lair:5:   cheibrodos_lair_end_hotspot, layout_small_grid, enter_volcano_3
Snake:1:  layout_onion, grunt_megastairs_5
Snake:2:  layout_rooms
Snake:3:  layout_grid_shapes
Snake:4:  snake_pit_salamanders_mu, layout_rooms, basic_altar, minmay_shoptagon,
          uniq_vashnia, uniq_aizul
Orc:1:    cheibrodos_orc_arena, layout_diamond_mine
Orc:2:    st_orc_elflike, layout_caves, okawaru_metal_pillars_3

Skill      XL: |  1  2  3  4  5  6  7  8  9 10 11 12 13 14 15 16 17 |
---------------+----------------------------------------------------+-----
Axes           | 2 |  2.1
Air Magic      | 1 2 4 5 6 7 |  7.0
Spellcasting   | 1 2 4 6 11 12 14 16 18 19 20 | 20.0
Conjurations   | 1 2 5 10 11 14 16 18 20 | 20.2
Dodging        | 4 7 8 9 10 | 10.0
Fighting       | 4 5 6 7 8 |  8.6
Fire Magic     | 6 7 9 10 11 12 14 | 14.9
Armour         | 4 |  4.0
Shields        | |  2.4

Action                     |  1- 3 |  4- 6 |  7- 9 | 10-12 | 13-15 | 16-18 || total
---------------------------+-------+-------+-------+-------+-------+-------++-------
  Melee: War axe           |    79 |   144 |    45 |       |       |       ||   268
         Punch             |       |       |     1 |       |     1 |     1 ||     3
         Hand axe          |       |       |     4 |    77 |   124 |    79 ||   284
         Staff             |       |       |       |    32 |    91 |    17 ||   140
  Throw: Dart              |       |    11 |       |       |     2 |       ||    13
         Throwing net      |       |     1 |       |       |       |       ||     1
   Cast: Airstrike         |       |     7 |   122 |   172 |    68 |     1 ||   370
         Shock             |       |       |    16 |    12 |       |       ||    28
         Static Discharge  |       |       |       |    58 |    91 |     2 ||   151
         Frozen Ramparts   |       |       |       |     9 |    17 |     1 ||    27
         Iskenderun's Myst |       |       |       |    27 |   206 |    58 ||   291
         Orb of Destructio |       |       |       |    10 |    85 |    45 ||   140
         Freezing Cloud    |       |       |       |       |    92 |    61 ||   153
         Bombard           |       |       |       |       |       |    10 ||    10
         Plasma Beam       |       |       |       |       |       |     2 ||     2
  Evoke: Wand              |       |       |     2 |     2 |     8 |    11 ||    23
         Condenser vane    |       |       |       |       |       |     1 ||     1
    Use: Potion            |       |     1 |     1 |     3 |     3 |     8 ||    16
         Scroll            |       |       |    14 |    10 |     9 |     6 ||    39
   Stab: Sleeping          |       |       |     2 |       |       |       ||     2
         Invisible         |       |       |       |       |       |     1 ||     1
 Armour: Scale mail        |    66 |   133 |       |       |       |       ||   199
         Robe              |       |    15 |   112 |    29 |    14 |       ||   170
         Ring mail         |       |       |       |   185 |   548 |   233 ||   966
  Dodge: Dodged            |    42 |    55 |   123 |   164 |   340 |   170 ||   894
  Block: Buckler           |    28 |    38 |       |       |       |       ||    66

Table legend: (Time is in decaauts)
 A = Elapsed time spent in this place.
 B = Non-inter-level travel time spent in this place.
 C = Inter-level travel time spent in this place.
 D = Time resting spent in this place.
 E = Time spent auto-exploring this place.
 F = Levels seen in this place.
 G = Mean time per level.
                   A        B        C        D        E       F      G
               +--------+--------+--------+--------+--------+-----+--------+
         Total |  27814 |  26409 |   1405 |   2996 |  13847 |  30 |  927.1 |
       Dungeon |  16545 |  15663 |    882 |   1933 |   9442 |  15 | 1103.0 |
        Temple |    132 |    132 |      0 |    106 |      0 |   1 |  132.0 |
          Lair |   6209 |   5759 |    450 |    478 |   3405 |   5 | 1241.8 |
     Snake Pit |   1660 |   1660 |      0 |     85 |      0 |   4 |  415.0 |
  Orcish Mines |   1040 |    968 |     72 |      0 |    152 |   2 |  520.0 |
        Bailey |    489 |    489 |      0 |    141 |      0 |   1 |  489.0 |
      Ice Cave |   1585 |   1585 |      0 |    253 |    848 |   1 | 1585.0 |
       Volcano |    151 |    151 |      0 |      0 |      0 |   1 |  151.0 |
               +--------+--------+--------+--------+--------+-----+--------+

Top non-repeatable levels by time:
  Lair:3: 2231 daAuts
    D:10: 1981 daAuts
    D:12: 1839 daAuts
   IceCv: 1585 daAuts
     D:5: 1512 daAuts
     D:7: 1507 daAuts
  Lair:2: 1352 daAuts
     D:4: 1217 daAuts
     D:8: 1145 daAuts
  Lair:5: 1109 daAuts
     D:2: 1108 daAuts
  Lair:1: 1104 daAuts
     D:6: 1103 daAuts
     D:9: 1098 daAuts
     D:1: 898 daAuts
